 Dungeon Crawl Stone Soup version 0.30-a0-916-g9813417 (webtiles) character file.

Game seed: 12675253279321784991

58 Nithhogg the Trooper (level 4, -1/40 HPs)
             Began as a Hill Orc Fighter on Mar 23, 2023.
             Slain by Natasha (7 damage)
             ... on level 2 of the Dungeon.
             The game lasted 00:02:22 (734 turns).

Nithhogg the Trooper (Hill Orc Fighter)              Turns: 734, Time: 00:02:23

Health: -1/40      AC:  7    Str: 20    XL:     4   Next: 2%
Magic:  5/5        EV:  9    Int:  8    God:
Gold:   98         SH:  0    Dex: 10    Spells: 3/3 levels left

rFire   . . .      SeeInvis .    a - +0 war axe
rCold   . . .      Faith    .    (no shield)
rNeg    . . .      Spirit   .    b - +0 scale mail
rPois   .          Reflect  .    (no helmet)
rElec   .          Rampage  .    (no cloak)
rCorr   .                        (no gloves)
Will    .....                    (no boots) Stlth
                                 (no amulet)
HPRegen 0.26/turn                (no ring)
MPRegen 0.09/turn                (no ring)

@: mighty, slowed, very slow
A: no striking features
a: no special abilities


You were on level 2 of the Dungeon.
You visited 1 branch of the dungeon, and saw 2 of its levels.

You collected 98 gold pieces.

Inventory:

Hand Weapons
 a - a +0 war axe (weapon)
Armour
 b - a +0 scale mail (worn)
 c - a +0 buckler
Jewellery
 m - a +6 ring of intelligence
Scrolls
 i - a scroll of blinking
Potions
 e - a potion of heal wounds {unknown}
 f - a potion of attraction {unknown}
 g - a potion of invisibility {unknown}
 h - 2 potions of flight {unknown}
 k - a potion of haste {unknown}


   Skills:
 + Level 4.1 Fighting
 * Level 4.0 Axes
 + Level 3.7 Armour
 - Level 3.2 Shields
 + Level 1.8 Invocations


You had 3 spell levels left.
You didn't know any spells.
Your spell library contained the following spells:

 Spells                   Type           Power      Damage    Failure   Level
 Inner Flame              Hex/Fire       0%         N/A       98%         3
 Cause Fear               Hex            0%         N/A       100%        4
 Discord                  Hex            0%         N/A       100%        8


Dungeon Overview and Level Annotations

Branches:
Dungeon (2/15)

Altars:

Annotations:
D:2 Natasha


Message History

The white imp hits you but does no damage.
The crimson imp shouts, "Accept thy doom, thou defiled tip-merry toady!"
The crimson imp blinks!
Natasha barely misses you.
You are too injured to fight recklessly!
You are too injured to fight recklessly!
You are too injured to fight recklessly!
You are too injured to fight recklessly!
You are too injured to fight recklessly!
You are too injured to fight recklessly!
You are too injured to fight recklessly!
You are too injured to fight recklessly!
You are too injured to fight recklessly!
You are too injured to fight recklessly!
You are too injured to fight recklessly!
You are too injured to fight recklessly!
You are too injured to fight recklessly!
You barely miss Natasha.
Natasha is heavily wounded.
You closely miss the white imp. The white imp gestures at you.
The puff of frost hits you.
* * * LOW HITPOINT WARNING * * *
Natasha claws you.
* * * LOW HITPOINT WARNING * * *
The white imp hits you but does no damage.
Natasha closely misses you.
You feel very mighty all of a sudden.
The white imp hits you but does no damage.
Natasha barely misses you. The white imp gestures at you.
The puff of frost misses you.
The puff of frost hits the crimson imp!
The crimson imp is frozen!
You barely miss Natasha.
Natasha is heavily wounded.
You hit the white imp but do no damage. You closely miss the crimson imp.
The crimson imp blinks!
Natasha claws you but does no damage. The white imp gestures at you.
The puff of frost hits you but does no damage.
Natasha claws you!
You die...

##### *** #...#*######*,*
*******#####...#*.....,,,**
,,,,,,,........#*....,,,,,*
******#.#......##..#****,**
#.###........# *,********
*##***#........#.#.# *,*,,,,,,,
*...,*#..#**#..§...# *,*,******
*,,..##..# #..#@###****,*,*****
*,,,,....# #..#h5........,,,,,*
*,,,,*#.†# #..#..5#.#.....#**,**
,,,*###..####..#.........#..,,,,,
,,,*#.......#..#...#.#.#....,*,*,
,,,##.#........#............,,,,,
,,,#.......................,.,***
*,...................#.##....,,,,
*###..##.....................****


You could see Natasha, a crimson imp (summoned) and a white imp (summoned).

Vanquished Creatures
  Natasha (D:2)
  2 ball pythons (D:2)
  2 bats (D:1)
  3 endoplasms
  2 giant cockroaches
  2 goblins (D:1)
  5 hobgoblins
  6 jackals (D:1)
  A quokka (D:2)
  2 frilled lizards
26 creatures vanquished.

Notes
Turn   | Place    | Note
-------+----------+-------------------------------------------
     0 | D:1      | Nithhogg the Hill Orc Fighter began the quest for the Orb.
     0 | D:1      | Reached XP level 1. HP: 19/19 MP: 1/1
   166 | D:1      | Reached XP level 2. HP: 26/27 MP: 2/2
   215 | D:1      | Reached skill level 1 in Invocations
   321 | D:1      | Found a faded altar of an unknown god.
   593 | D:2      | Noticed Natasha
   602 | D:2      | Reached XP level 3. HP: 33/33 MP: 3/3
   604 | D:2      | Killed Natasha
   666 | D:2      | Reached XP level 4. HP: 28/40 MP: 5/5
   724 | D:2      | Noticed Natasha
   724 | D:2      | Identified the +0 ring mail "Jism" {rN++ MP+9 Str+3 Dex-5}
   734 | D:2      | Slain by Natasha

Illustrated notes

Levels and vault maps discovered:
D:1:      matt_arrival_los_fun, layout_rooms, chequers_ecumenical_altar_lobes
D:2:      layout_basic, minmay_fountain_box, grunt_decor_one_mirror,
          uniq_crazy_yiuf_cottage, uniq_natasha

Skill      XL: |  1  2  3 |
---------------+----------+-----
Axes           | 3 4 |  4.0
Invocations    | 1 |  1.8
Fighting       | 4 |  4.1
Armour         | |  3.7
Shields        | |  3.2

Action                     |  1- 3 |  4- 6 || total
---------------------------+-------+-------++-------
  Melee: War axe           |    89 |     8 ||    97
    Use: Scroll            |       |     3 ||     3
         Potion            |       |     1 ||     1
 Armour: Scale mail        |    47 |     8 ||    55
  Dodge: Dodged            |    75 |     7 ||    82

Table legend: (Time is in decaauts)
 A = Elapsed time spent in this place.
 B = Non-inter-level travel time spent in this place.
 C = Inter-level travel time spent in this place.
 D = Time resting spent in this place.
 E = Time spent auto-exploring this place.
 F = Levels seen in this place.
 G = Mean time per level.
                   A        B        C        D        E       F      G
               +--------+--------+--------+--------+--------+-----+--------+
         Total |    776 |    762 |     14 |      3 |    541 |   2 |  388.0 |
       Dungeon |    776 |    762 |     14 |      3 |    541 |   2 |  388.0 |
               +--------+--------+--------+--------+--------+-----+--------+

Top non-repeatable levels by time:
     D:1: 616 daAuts
     D:2: 159 daAuts
